AoeStats
← The Cow. Muu

Arabia

504929449Analyzed
3v3 RM · 25d ago on Sep 7, 2026· 58m 0s· 6 players
Game mode
Random Map
Map size
Normal (6 player)
Population
200
Speed
Normal
Resources
Standard
Victory
Conquest
Starting age
Dark Age
Ending age
Imperial Age
RankedLock teamsTeams togetherTeam positionsShared explorationLock speedFull tech treeHidden civsTurbo modeCheats
Victory
Defeat
🇲🇽 Britons · Mexico
1429
+16
🇲🇽 Magyars · Mexico
1315
+21
🇨🇦 Celts · Canada
1300
+21
🇺🇸 Saracens · United States
1442
-20
🇲🇽 Ethiopians · Mexico
1427
-20
🇲🇽 Burmese · Mexico
1398
-18
AnuBis Killer
6:24 Loom
8:48 Feudal Age
11:33 Double-Bit Axe
13:33 Fletching
16:05 Padded Archer Armor
16:59 Horse Collar
18:58 Gold Mining
27:02 Castle Age
27:44 Bodkin Arrow
27:21 Crossbowman
29:15 Ballistics
29:15 Leather Archer Armor
34:28 Wheelbarrow
38:37 Hand Cart
42:40 Imperial Age
43:31 Bracer
44:37 Chemistry
44:24 Arbalester
45:52 Bow Saw
46:41 Forging
46:36 Scale Barding Armor
47:57 Husbandry
49:11 Iron Casting
48:56 Chain Barding Armor
49:11 Iron Casting
48:51 Light Cavalry
51:16 Blast Furnace
50:36 Chain Barding Armor
51:27 Two-Man Saw
51:40 Chain Barding Armor
51:55 Elite Skirmisher
54:12 Plate Barding Armor
57:29 Plate Barding Armor
57:25 Ring Archer Armor
57:33 Plate Barding Armor
nieBla_aODI
1:08 Loom
2:41 Loom
10:32 Feudal Age
11:15 Double-Bit Axe
17:53 Horse Collar
18:46 Town Watch
20:09 Wheelbarrow
21:03 Gold Mining
23:56 Castle Age
22:18 Fletching
23:54 Scale Barding Armor
24:00 Forging
24:55 Husbandry
28:14 Gold Shaft Mining
29:52 Bow Saw
32:00 Chain Barding Armor
33:01 Pikeman
34:58 Scale Mail Armor
37:24 Bodkin Arrow
37:49 Chain Mail Armor
39:30 Hand Cart
39:13 Elite Skirmisher
40:52 Bodkin Arrow
40:57 Padded Archer Armor
44:17 Imperial Age
42:22 Stone Mining
45:04 Heavy Plow
46:09 Chemistry
45:15 Siege Engineers
44:37 Onager
46:07 Leather Archer Armor
46:44 Conscription
51:21 Ring Archer Armor
50:36 Siege Onager
53:44 Light Cavalry
53:59 Halberdier
54:43 Capped Ram
55:42 Caravan
56:13 Coinage
55:32 Siege Ram
57:00 Stone Shaft Mining
57:31 Furor Celtica
CallmeFIRe_🔥
6:16 Loom
8:34 Feudal Age
9:15 Double-Bit Axe
15:51 Scale Barding Armor
17:10 Horse Collar
18:58 Wheelbarrow
18:15 Gold Mining
22:24 Castle Age
22:03 Bloodlines
24:45 Husbandry
25:28 Bow Saw
27:11 Gold Shaft Mining
26:39 Heavy Plow
28:22 Stone Mining
31:22 Chain Barding Armor
35:23 Hand Cart
38:50 Imperial Age
36:07 Town Watch
36:54 Corvinian Army
38:59 Elite Magyar Huszar
40:17 Plate Barding Armor
39:06 Elite Magyar Huszar
43:04 Recurve Bow
42:56 Fletching
44:38 Bodkin Arrow
45:14 Conscription
45:46 Conscription
45:52 Conscription
45:53 Bracer
46:14 Ballistics
46:55 Chemistry
46:22 Parthian Tactics
45:18 Heavy Cavalry Archer
46:04 Thumb Ring
46:57 Conscription
46:43 Padded Archer Armor
47:40 Leather Archer Armor
49:06 Coinage
49:09 Ring Archer Armor
49:42 Crop Rotation
54:05 Banking
58:17 Hoardings
The Cow. Muu
6:31 Loom
9:16 Feudal Age
9:47 Double-Bit Axe
14:19 Fletching
14:30 Padded Archer Armor
17:15 Town Watch
25:00 Castle Age
23:31 Gold Mining
23:44 Horse Collar
25:04 Elite Skirmisher
25:05 Crossbowman
25:42 Bodkin Arrow
26:36 Bow Saw
27:19 Leather Archer Armor
30:24 Ballistics
31:04 Wheelbarrow
35:30 Hand Cart
36:59 Thumb Ring
41:28 Imperial Age
42:12 Bracer
41:33 Arbalester
43:21 Chemistry
44:44 Ring Archer Armor
44:58 Conscription
51:31 Royal Heirs
52:23 Scale Mail Armor
52:33 Forging
53:45 Chain Mail Armor
The Last Shadow
6:52 Loom
9:12 Feudal Age
9:46 Double-Bit Axe
11:49 Fletching
21:14 Castle Age
22:24 Bodkin Arrow
23:35 Crossbowman
27:12 Town Watch
30:41 Ballistics
33:12 Bow Saw
32:58 Horse Collar
38:34 Imperial Age
37:12 Gold Mining
38:41 Arbalester
40:57 Bracer
42:02 Padded Archer Armor
45:15 Heavy Plow
46:44 Leather Archer Armor
49:36 Chemistry
50:15 Scale Barding Armor
50:21 Forging
51:30 Bloodlines
51:40 Husbandry
51:01 Light Cavalry
53:00 Chain Barding Armor
53:09 Conscription
53:29 Hussar
[NC] Neuilly
6:38 Loom
8:52 Feudal Age
9:56 Horse Collar
18:57 Forging
22:06 Bloodlines
23:11 Scale Barding Armor
27:40 Castle Age
27:01 Gold Mining
28:52 Chain Barding Armor
53:29 Wheelbarrow
58:08 Gold Shaft Mining
Connection lost

Rejoining the realm…

Still unreachable

The connection could not be restored.

Session expired

The server has moved on; the page needs a fresh start.